 Dungeon Crawl Stone Soup version 0.31.0-11-ge490571c62 (webtiles) character file.

Game seed: 7537538888638419363

118 Skitler the Covert (level 5, -1/47 HPs)
             Began as a Gnoll Delver on Feb 3, 2024.
             Killed from afar by an orc wizard (4 damage)
             ... with a magic dart
             ... on level 5 of the Dungeon.
             The game lasted 00:01:34 (706 turns).

Skitler the Covert (Gnoll Delver)                    Turns: 706, Time: 00:01:34

Health: -1/47      AC:  3    Str: 13    XL:     5   Next: 2%
Magic:  6/7        EV: 13    Int: 10    God:
Gold:   28         SH:  0    Dex: 13    Spells: 6/6 levels left

rFire   . . .        a - +0 hand axe
rCold   . . .        (no shield)
rNeg    . . .        b - +0 leather armour
rPois   .            (no helmet)
rElec   .            (no cloak)
rCorr   .            (no gloves)
SInv    .            (no boots)
Will    .....        (no amulet)
Stlth   ++++         (no ring)
HPRegen 0.27/turn    (no ring)
MPRegen 0.10/turn

%: no passive effects
@: no status effects
A: fangs 1, strong nose, distributed training
a: no special abilities


You were on level 5 of the Dungeon.
You visited 1 branch of the dungeon, and saw 1 of its levels.

You collected 28 gold pieces.

Inventory:

Hand Weapons
 a - a +0 hand axe (weapon)
 f - a +0 shortbow
Armour
 b - a +0 leather armour (worn)
Wands
 g - a wand of digging (3)
Scrolls
 c - a scroll of fog
 d - a scroll of revelation
 e - a scroll of fear


   Skills:
 + Level 6.6 Fighting
 + Level 1.4 Short Blades
 + Level 1.4 Long Blades
 + Level 4.7 Axes
 + Level 1.4 Maces & Flails
 + Level 1.4 Polearms
 + Level 1.4 Staves
 + Level 1.4 Ranged Weapons
 + Level 1.4 Throwing
 + Level 1.4 Armour
 + Level 4.7 Dodging
 + Level 9.6 Stealth
 + Level 1.4 Shields
 + Level 1.4 Unarmed Combat
 + Level 1.4 Spellcasting
 + Level 1.1 Conjurations
 + Level 1.1 Hexes
 + Level 1.1 Summonings
 + Level 1.1 Necromancy
 + Level 1.1 Translocations
 + Level 1.1 Fire Magic
 + Level 1.1 Ice Magic
 + Level 1.1 Air Magic
 + Level 1.1 Earth Magic
 + Level 1.1 Alchemy
 + Level 1.5 Invocations
 + Level 1.4 Evocations
 + Level 1.2 Shapeshifting


You had 6 spell levels left.
You didn't know any spells.
Your spell library was empty.

Dungeon Overview and Level Annotations

Branches:
Dungeon (5/15)
 Temple: D:4-7

Altars:
Zin


Innate Abilities, Weirdness & Mutations

You have very sharp teeth.
Your uncanny sense of smell can sniff out nearby items.
Your experience applies equally to all skills.


Message History

You closely miss the orc. The orc hits you with a +0 club.
* * * LOW HITPOINT WARNING * * *
You have reached level 5!
Unknown command.
You hit the orc but do no damage.
The orc is severely wounded.
Something hits you.
* * * LOW HITPOINT WARNING * * *
The orc hits you with a +0 club.
* * * LOW HITPOINT WARNING * * *
Things that are here:
a +0 falchion; an orc corpse Unknown command.
You hit the orc.
You kill the orc!
You hit something but do no damage.
You hear some strange, mumbled words.
A puff of flame appears from out of thin air!
The puff of flame misses you.
You hear some strange, mumbled words.
You are confused.
You bump into the rock wall.
Something hits you but does no damage.
You bump into the rock wall.
Something hits you.
* * * LOW HITPOINT WARNING * * *
You hear some strange, mumbled words.
A magic dart appears from out of thin air!
The magic dart hits you.
* * * LOW HITPOINT WARNING * * *
Things that are here:
a +0 falchion; an orc corpse You completely miss something.
Your bite misses something. Something hits you but does no damage.
You hit something. Something hits you but does no damage.
You bump into the rock wall.
Something hits you but does no damage.
You bump into the rock wall.
You feel less confused.
You hear some strange, mumbled words.
A magic dart appears from out of thin air!
The magic dart hits you.
You die...

+.....†...+ .....
#.........# #....
##.......## #...#
##.....## #.#.#
#.....## #.#.#
##.##'## #.#.# #..##.#
#.#.###.# ....#.###
#.{.....#
###.....########@#####
..#####.........)#
_.....'.#.########
..#####...#
###.....### ......###
#####. #


There were no monsters in sight!

Vanquished Creatures
  A centaur (D:5)
  An orc wizard (D:5)
  An adder (D:5)
  2 orcs (D:5)
5 creatures vanquished.

Notes
Turn   | Place    | Note
-------+----------+-------------------------------------------
     0 | D:5      | Reached skill level 9 in Stealth
     0 | D:5      | Skitler the Gnoll Delver began the quest for the Orb.
     0 | D:5      | Reached XP level 1. HP: 23/23 MP: 1/1
    18 | D:5      | Noticed a centaur
    36 | D:5      | Reached XP level 2. HP: 18/29 MP: 2/2
    48 | D:5      | Noticed an ogre
    95 | D:5      | Found a glowing silver altar of Zin.
   126 | D:5      | Killed a centaur
   127 | D:5      | Reached skill level 1 in Short Blades
   127 | D:5      | Reached skill level 1 in Long Blades
   127 | D:5      | Reached skill level 1 in Maces & Flails
   127 | D:5      | Reached skill level 1 in Polearms
   127 | D:5      | Reached skill level 1 in Staves
   127 | D:5      | Reached skill level 1 in Ranged Weapons
   127 | D:5      | Reached skill level 1 in Throwing
   127 | D:5      | Reached skill level 1 in Armour
   127 | D:5      | Reached skill level 1 in Shields
   127 | D:5      | Reached skill level 1 in Unarmed Combat
   127 | D:5      | Reached skill level 1 in Spellcasting
   127 | D:5      | Reached skill level 1 in Conjurations
   127 | D:5      | Reached skill level 1 in Hexes
   127 | D:5      | Reached skill level 1 in Summonings
   127 | D:5      | Reached skill level 1 in Necromancy
   127 | D:5      | Reached skill level 1 in Translocations
   127 | D:5      | Reached skill level 1 in Fire Magic
   127 | D:5      | Reached skill level 1 in Ice Magic
   127 | D:5      | Reached skill level 1 in Air Magic
   127 | D:5      | Reached skill level 1 in Earth Magic
   127 | D:5      | Reached skill level 1 in Alchemy
   127 | D:5      | Reached skill level 1 in Invocations
   127 | D:5      | Reached skill level 1 in Evocations
   127 | D:5      | Reached skill level 1 in Shapeshifting
   127 | D:5      | Reached XP level 3. HP: 17/35 MP: 2/4
   127 | D:5      | Reached XP level 4. HP: 20/41 MP: 2/5
   696 | D:5      | Reached XP level 5. HP: 14/47 MP: 5/7
   702 | D:5      | HP: 2/47 [something/magic dart (6)]
   706 | D:5      | Killed from afar by an orc wizard

Illustrated notes

Levels and vault maps discovered:
D:5:      layout_loops_corners, mainiacjoe_overflow_surrounded_room,
          corexii_hall_statues_l

Skill      XL: |  1  2 |
---------------+-------+-----
Stealth        | |  9.6
Short Blades   | 1 |  1.4
Long Blades    | 1 |  1.4
Maces & Flails | 1 |  1.4
Polearms       | 1 |  1.4
Staves         | 1 |  1.4
Ranged Weapons | 1 |  1.4
Throwing       | 1 |  1.4
Armour         | 1 |  1.4
Shields        | 1 |  1.4
Unarmed Combat | 1 |  1.4
Spellcasting   | 1 |  1.4
Conjurations   | 1 |  1.1
Hexes          | 1 |  1.1
Summonings     | 1 |  1.1
Necromancy     | 1 |  1.1
Translocations | 1 |  1.1
Fire Magic     | 1 |  1.1
Ice Magic      | 1 |  1.1
Air Magic      | 1 |  1.1
Earth Magic    | 1 |  1.1
Alchemy        | 1 |  1.1
Invocations    | 1 |  1.5
Evocations     | 1 |  1.4
Shapeshifting  | 1 |  1.2
Fighting       | |  6.6
Axes           | |  4.7
Dodging        | |  4.7

Action                     |  1- 3 |  4- 6 || total
---------------------------+-------+-------++-------
  Melee: Hand axe          |    24 |    16 ||    40
         Bite              |     4 |     1 ||     5
         Punch             |       |     1 ||     1
    Use: Potion            |     2 |       ||     2
 Armour: Leather armour    |    22 |    21 ||    43
  Dodge: Dodged            |    30 |    13 ||    43
